 Dungeon Crawl Stone Soup version 0.30.0-10-gfe55d96785 (webtiles) character file.

Game seed: 11136555860181485042

329 browni3141 the Slasher (level 6, -3/42 (72) HPs)
             Began as a Demigod Reaver on May 14, 2023.
             Slain by an orc
             ... wielding a +0 short sword
              (4 damage)
             ... on level 4 of the Dungeon.
             The game lasted 00:07:36 (3399 turns).

browni3141 the Slasher (Demigod Reaver)             Turns: 3399, Time: 00:07:37

HP:   -3/42 (72)    AC: 23    Str: 13    XL:     6   Next: 4%
MP:   11/11         EV:  2    Int: 15    God:
Gold: 232           SH:  0    Dex: 20    Spells: 6/9 levels left

rFire   . . .        Y - +3 short sword
rCold   . . .        (no shield)
rNeg    . . .        f - melded +0 ring mail
rPois   +            (helmet currently unavailable)
rElec   .            (cloak currently unavailable)
rCorr   .            (gloves currently unavailable)
SInv    +            Z - melded +0 pair of boots
Will    .....        (no amulet)
Stlth   ++           R - ring of wizardry
HPRegen 0.27/turn    (no ring)
MPRegen 0.12/turn

%: wizardry (x1)
@: lethally poisoned (-3 -> -5), tree-form, attractive, slowed, very heavily
drained, invisible, very slow
A: stationary, stasis, torment immunity, boosted hp, high MP 1, forlorn, divine
attributes, see invisible, wild magic 1
a: no special abilities


You were on level 4 of the Dungeon.
You were a tree.
You visited 1 branch of the dungeon, and saw 4 of its levels.

You collected 232 gold pieces.

Inventory:

Hand Weapons
 a - a +0 falchion
 b - a +0 sling
 Y - a +3 short sword (weapon)
Missiles
 J - 2 poisoned darts
 T - 7 boomerangs
Armour
 f - a +0 ring mail (melded)
 j - a +0 leather armour
 S - an orb of guile
 Z - a +0 pair of boots (melded)
Magical Staves
 X - a staff of earth
Jewellery
 H - a ring of see invisible
 R - a ring of wizardry (left branch)
Wands
 G - a wand of charming (8)
 N - a wand of digging (9)
Scrolls
 d - 3 scrolls of identify {unknown}
 e - a scroll of poison
 k - 2 scrolls of enchant armour {unknown}
 I - a scroll of teleportation
 M - a scroll of amnesia {unknown}
 P - a scroll of fear {unknown}
 V - a scroll of torment {unknown}
Potions
 h - a potion of magic {unknown}
 i - 2 potions of invisibility
 F - a potion of haste {unknown}
 K - a potion of degeneration {unknown}
 L - a potion of lignification
 O - a potion of attraction
 Q - a potion of curing {unknown}
 U - a potion of flight {unknown}
 W - a potion of resistance {unknown}


   Skills:
 - Level 2.0 Fighting
 * Level 6.1 Long Blades
 - Level 2.0 Dodging
 - Level 2.0 Spellcasting
 - Level 3.0 Conjurations


You had 6 spell levels left.
You knew the following spells:

 Your Spells              Type           Power      Damage    Failure   Level
m - Momentum Strike       Conj/Tloc      14%        3d8       11%         2
K - Kiss of Death         Conj/Necr      28%        2d7       7%          1

Your spell library contained the following spells:

 Spells                   Type           Power      Damage    Failure   Level
 Magic Dart               Conj           52%        1d5       4%          1
 Summon Small Mammal      Summ           4%         N/A       12%         1
 Call Imp                 Summ           2%         N/A       17%         2
 Hailstorm                Conj/Ice       7%         3d4       19%         3
 Mephitic Cloud           Conj/Pois/Air  5%         N/A       22%         3
 Call Canine Familiar     Summ           1%         N/A       32%         3
 Summon Guardian Golem    Hex/Summ       1%         N/A       32%         3


Dungeon Overview and Level Annotations

Branches:
Dungeon (4/15)
 Temple: D:4-7


Innate Abilities, Weirdness & Mutations

You are a tree.
Your roots penetrate the ground, keeping you stationary.
You cannot be teleported.
You are immune to unholy pain and torment.
Your maximum health is greatly increased.
Your equipment is partially melded.
You have an increased reservoir of magic. (+10% MP)
You shall have no god before yourself.
Your divine heritage dramatically boosts your attributes as you level up.
You have supernaturally acute eyesight. (SInv)
Your spells are a little harder to cast, but a little more powerful.


Message History

You see here a +0 scale mail.
You open the large door.
A kobold brigand, 3 gnolls, an orc priest and 2 orcs come into view.
The kobold brigand is wielding a +0 club and quivering curare-tipped darts.
The orc priest is wielding a +1 hand axe of venom.
The gnoll shouts!
The orc shouts!
The kobold brigand shouts!
The orc priest shouts!
The orc shouts!
The orc throws a boomerang.
The boomerang closely misses you.
There are monsters nearby!
The gnoll attacks as you move away! The gnoll hits you with a +0 whip.
There is a huge open gate here.
The gnoll attacks as you move away! The gnoll hits you with a +0 whip.
* * * LOW HITPOINT WARNING * * *
The gnoll attacks as you move away! The gnoll hits you with a +0 whip.
* * * LOW HITPOINT WARNING * * *
A gnoll comes into view.
It is wielding a +0 flail and quivering poisoned darts.
The gnoll shouts!
Aiming: Charm
Press: ? - help, Shift-Dir - straight line, f - gnoll
Aim: a gnoll, wielding a +0 whip (chance to affect: 57%)
The gnoll is charmed.
Things that are here:
a +0 ring mail; a +0 dagger What are your orders? t - Shout!
Orders for allies: a - Attack new target. p - Attack previous target. r - Retreat! s - Stop attacking. g - Guard the area. f - Follow me.
Anything else - Cancel.
Gang up on whom?
Press: ? - help, Dir - move target, f - gnoll, p - gnoll
Aim: a gnoll, wielding a +0 whip Attack!
Your gnoll hits the gnoll with a +0 whip.
The gnoll completely misses your gnoll.
Your gnoll closely misses the gnoll.
The gnoll barely misses your gnoll.
Your gnoll hits the gnoll with a +0 whip.
Your gnoll hits the gnoll with a +0 whip.
The gnoll dies!
The gnoll completely misses your gnoll.
You have reached level 6!
Your experience leads to a dramatic increase in your attributes!
Increase (S)trength, (I)ntelligence, or (D)exterity?
You feel agile. x4
Your gnoll hits the gnoll with a +0 whip!
The gnoll hits your gnoll with a +0 club.
Your gnoll hits the gnoll with a +0 whip.
The gnoll dies!
You see here a +0 spear.
Unknown command.
Your gnoll hits the kobold brigand with a +0 whip.
The kobold brigand throws a curare-tipped dart.
The curare-tipped dart completely misses your gnoll.
The curare-tipped dart barely misses you.
Your gnoll barely misses the kobold brigand.
The kobold brigand throws a curare-tipped dart.
The curare-tipped dart closely misses your gnoll.
The curare-tipped dart hits you.
You are poisoned.
You have difficulty breathing.
* * * LOW HITPOINT WARNING * * *
You feel yourself slow down.
It was a potion of invisibility.
You fade into invisibility!
i - 2 potions of invisibility;
Q - an emerald potion
* * * LOW HITPOINT WARNING * * *
You feel very sick.
Your gnoll closely misses the kobold brigand.
The kobold brigand throws a curare-tipped dart.
The curare-tipped dart closely misses your gnoll.
The curare-tipped dart closely misses you.
Your gnoll misses the kobold brigand.
Unknown command.
It was a potion of attraction.
You feel attractive to monsters.
* * * LOW HITPOINT WARNING * * *
You feel sick.
Your gnoll hits something with a +0 whip.
The orc hits your gnoll with a +0 short sword.
The orc is attracted toward you.
Unknown command.
It was a potion of lignification.
You turn into a tree.
Your +0 pair of boots melds into your body.
Your +0 ring mail melds into your body.
Your roots penetrate the ground.
L - a potion of lignification;
W - a viscous black potion
* * * LOW HITPOINT WARNING * * *
You feel sick.
Your gnoll hits something with a +0 whip.
The orc is attracted toward you.
The kobold brigand is attracted toward you.
The orc priest is attracted toward you.
Unknown command.
It was a potion of mutation.
You feel extremely strange.
Your vision sharpens.
You feel less in control of your magic.
* * * LOW HITPOINT WARNING * * *
You feel sick.
The kobold brigand throws a curare-tipped dart.
The curare-tipped dart hits the orc.
The orc is poisoned.
The orc convulses.
The orc seems to slow down.
The orc hits you but does no damage. The orc hits you with a +0 short sword.
You die...

####[# ##g##
#..)# #...##
#####.g..####
#......#....#
#
#.####Ko.##.#
####### #.#
##o###.#
......# #.#
#♣# #.#
#.###.## #.#
#.# #.# ..#
#..# #.# #<#
#.# #.###..#
#.# #.# #.#
#......# #.#
#.# #.#
###.##.# #.#
#.# #.#
###.##.# #.#
#.# #.#
....##.#
#.#####.###.#
.......#
#...........#


You could see a kobold brigand (unable to see you, ally target), an orc priest
(unable to see you), a gnoll (unable to see you), an orc (unable to see you,
very poisoned, slow) and a friendly gnoll (charmed).

Vanquished Creatures
  A howler monkey (D:4)
  A hound (D:4)
  2 orc priests
  An orc wizard (D:4)
  5 gnolls (D:4)
  A white imp (D:4)
  A worm (D:3)
  12 orcs
  5 endoplasms
  A giant cockroach (D:2)
  6 goblins
  3 hobgoblins
  14 jackals
  2 quokkas
  8 ball pythons
  5 bats
  2 frilled lizards
  3 kobolds
  19 rats
92 creatures vanquished.

Vanquished Creatures (collateral kills)
  2 gnolls (D:4)
2 creatures vanquished.

Vanquished Creatures (others)
  An orc (D:4)
  A jackal (D:4)
2 creatures vanquished.

Grand Total: 96 creatures vanquished

Notes
Turn   | Place    | Note
-------+----------+-------------------------------------------
     0 | D:1      | browni3141 the Demigod Reaver began the quest for the Orb.
     0 | D:1      | Reached XP level 1. HP: 17/17 MP: 5/5
   332 | D:1      | Reached XP level 2. HP: 9/21 MP: 5/7
   840 | D:2      | Reached skill level 3 in Long Blades
   840 | D:2      | Reached skill level 3 in Conjurations
   858 | D:2      | Learned a level 2 spell: Momentum Strike
  1120 | D:2      | Reached XP level 3. HP: 24/29 MP: 8/8
  2032 | D:3      | Reached skill level 4 in Long Blades
  2032 | D:3      | Reached XP level 4. HP: 22/31 MP: 6/9
  2890 | D:4      | Reached skill level 5 in Long Blades
  2890 | D:4      | Reached XP level 5. HP: 35/41 MP: 10/10
  3292 | D:4      | Reached skill level 6 in Long Blades
  3392 | D:4      | Reached XP level 6. HP: 13/27 MP: 11/11
  3398 | D:4      | HP: 2/42 [poisoned by a kobold brigand (curare-tipped
                  | dart)]
  3399 | D:4      | Gained mutation: You have supernaturally acute eyesight.
                  | (SInv) [potion of mutation]
  3399 | D:4      | Gained mutation: Your spells are a little harder to cast,
                  | but a little more powerful. [potion of mutation]
  3399 | D:4      | Slain by an orc

Illustrated notes

Levels and vault maps discovered:
D:1:      matt_arrival_grand_opening, layout_rooms
D:2:      layout_basic, hellmonk_ecumenical_altar_inner_sanctum,
          minmay_rat_gold_closets
D:3:      wander_river, layout_rooms
D:4:      lemuel_castle_with_subvaults [lemuel_castle_interior_carwin_2],
          layout_loops_ring, mainiacjoe_overflow_boulevard, uniq_eustachio

Skill      XL: |  1  2  3  4  5 |
---------------+----------------+-----
Dodging        | 2 |  2.0
Fighting       | 2 |  2.0
Spellcasting   | 2 |  2.0
Long Blades    | 3 4 5 6 |  6.1
Conjurations   | 3 |  3.0

Action                     |  1- 3 |  4- 6 || total
---------------------------+-------+-------++-------
  Melee: Falchion          |   146 |       ||   146
         Punch             |     4 |     1 ||     5
         Short sword       |    54 |   142 ||   196
   Cast: Kiss of Death     |     3 |     4 ||     7
         Momentum Strike   |       |     1 ||     1
  Evoke: Wand              |       |     4 ||     4
    Use: Scroll            |     3 |       ||     3
         Potion            |       |     4 ||     4
   Stab: Sleeping          |     4 |       ||     4
 Armour: Leather armour    |    52 |       ||    52
         Ring mail         |     8 |    43 ||    51
         Skin              |       |     1 ||     1
  Dodge: Dodged            |   135 |    68 ||   203
